 Dungeon Crawl Stone Soup version 0.31-a0-963-ga325b2283a (webtiles) character file.

Game seed: 9172451446682686135

368 Maxmaps the Changeling (level 6, -15/38 HPs)
             Began as an Octopode Shapeshifter on Oct 25, 2023.
             Was an Initiate of Gozag.
             Demolished by an ogre
             ... wielding a +0 giant club
              (17 damage)
             ... on level 5 of the Dungeon.
             The game lasted 00:04:11 (3674 turns).

Maxmaps the Changeling (Octopode Shapeshifter)      Turns: 3674, Time: 00:04:12

Health: -15/38     AC:  1    Str: 13    XL:     6   Next: 69%
Magic:  6/6        EV: 13    Int: 15    God:    Gozag
Gold:   918        SH:  0    Dex: 11    Spells: 5/5 levels left

rFire   . .          .
                       - Unarmed
rCold   . . .        (no shield)
rNeg    . . .        (helmet currently unavailable)
rPois   .            k - amulet of magic regeneration
rElec   .            (no ring)
rCorr   .            (no ring)
SInv    .            (no ring)
Will    .....        (no ring)
Stlth   ++           (no ring)
HPRegen 0.26/turn    (no ring)
MPRegen 0.50/turn    (no ring)
                     (no ring)

%: no passive effects
@: beast-form
A: beast (slay +3), almost no armour, amphibious, 8 rings, camouflage 1,
gelatinous body 1, (nimble swimmer 1), tentacles
a: Begin Untransformation, Renounce Religion, Potion Petition, Call Merchant,
Bribe Branch


You were on level 5 of the Dungeon.
You worshipped Gozag.
Gozag was pleased with you.
You were a hulking beast.
You visited 2 branches of the dungeon, and saw 6 of its levels.

You collected 982 gold pieces.
You paid 64 gold pieces to Gozag.

Inventory:

Hand Weapons
 q - a +2 dagger of draining
Jewellery
 k - an amulet of magic regeneration (around mantle)
 p - an amulet of reflection
Talismans
 b - a beast talisman
 c - a flux talisman
Wands
 t - a wand of digging (4)
Scrolls
 g - a scroll of teleportation
 m - 2 scrolls of blinking
 s - a scroll of fog
 u - a scroll of torment
 v - a scroll of immolation {unknown}
Potions
 a - a potion of lignification
 d - 2 potions of haste
 e - a potion of degeneration
 f - 4 potions of curing
 h - 2 potions of attraction
 i - 2 potions of ambrosia
 j - 2 potions of magic
 l - a potion of cancellation
 n - a potion of enlightenment
 r - a potion of brilliance


   Skills:
 - Level 1.0 Fighting
 - Level 2.0 Dodging
 - Level 3.0 Unarmed Combat
 + Level 6.8 Shapeshifting


You had 5 spell levels left.
You didn't know any spells.
Your spell library contained the following spells:

 Spells                   Type           Power      Damage    Failure   Level
 Ozocubu's Armour         Ice            0%         N/A       63%         3
 Ozocubu's Refrigeration  Ice            0%         4d7       100%        7


Dungeon Overview and Level Annotations

Branches:
Dungeon (5/15)             Temple (1/1) D:5

Altars:
Ashenzari
Cheibriados
Dithmenos
Fedhas
Gozag
Hepliaklqana
Kikubaaqudgha
Makhleb
Nemelex Xobeh
Okawaru
Qazlal
Sif Muna
Trog
Uskayaw
Vehumet
Wu Jian
Xom
Yredelemnul
The Shining One

Annotations:
D:4 3 runed translucent doors, CowFu's ghost, amateur MiMo; LeprechaunX's ghost, novice OpSh; SkeletonJelly's ghost, amateur MfSh; tinfoiltophat's ghost, novice DjAE


Innate Abilities, Weirdness & Mutations

You are a hulking beast.
Your limbs bulge with bestial killing power. (Slay +3)
You cannot wear most types of armour.
You are amphibious.
You can wear up to eight rings at the same time.
Your skin changes colour to match your surroundings (Stealth+).
Your rubbery body absorbs attacks. (AC +1, EV +1)
((You are camouflaged when in or above water. (Stealth+)))
You have tentacles for arms and can constrict up to eight enemies at once.


Message History

The adder is heavily wounded.
You constrict the adder.
You feel sick. The adder closely misses you.
You tentacle-slap the adder.
You kill the adder!
You feel sick.
Found a potion of curing.
You feel sick.
You are no longer poisoned.
You now have 110 gold pieces (gained 7).
You now have 115 gold pieces (gained 5).
You start resting.
HP restored.
f - 4 potions of curing (gained 1)
An ogre comes into view. It is wielding a +0 giant club.
As you read the scroll of identify, it crumbles to dust.
w - a scroll of acquirement Something appears before you!
You now have enough gold to petition Gozag for potion effects.
You now have enough gold to fund merchants seeking to open stores in the dungeon.
You now have 918 gold pieces (gained 803).
There are no items here.
Okay, then.
The ogre shouts!
You see here a scroll of fog.
You barely miss the ogre. You squeeze the ogre.
The ogre is lightly wounded.
The ogre hits you with a +0 giant club!
You barely miss the ogre.
The ogre is lightly wounded.
The ogre hits you with a +0 giant club!!
Ouch! That really hurt!
* * * LOW HITPOINT WARNING * * *
You are too injured to fight recklessly!
You are too injured to fight recklessly!
You tentacle-slap the ogre. You squeeze the ogre!
The ogre is heavily wounded.
You tentacle-slap the ogre. You squeeze the ogre, but do no damage.
The ogre is severely wounded.
The ogre hits you with a +0 giant club!
You die...
Your body crumbles into a pile of gold.

...### ##...### ###...## ###..###
###..###### #####
#########......####.....
........................
...........)............ ........
...............?hO...............
.................................
..............##.................
.............####................
............## #...............
........>..## #........>.....
..........## #.............
.........## #............
##.....### ..........


You could see an ogre.

Vanquished Creatures
  A scorpion (D:4)
  A howler monkey (D:5)
  Crazy Yiuf (D:4)
  An orc priest (D:4)
  Jessica (D:2)
  An iguana (D:5)
  8 adders
  2 white imps
  A worm (D:3)
  2 dart slugs
  2 orcs (D:4)
  9 endoplasms
  2 giant cockroaches
  5 goblins
  4 hobgoblins
  6 jackals
  5 quokkas
  5 ball pythons
  8 bats
  A frilled lizard (D:3)
  7 kobolds
  5 rats
78 creatures vanquished.

Notes
Turn   | Place    | Note
-------+----------+-------------------------------------------
     0 | D:1      | Maxmaps the Octopode Shapeshifter began the quest for the
                  | Orb.
     0 | D:1      | Reached XP level 1. HP: 13/13 MP: 1/1
   202 | D:1      | Reached XP level 2. HP: 18/18 MP: 2/2
   678 | D:1      | Reached XP level 3. HP: 17/23 MP: 3/3
   754 | D:1      | Reached skill level 4 in Shapeshifting
  1004 | D:2      | Noticed Jessica
  1009 | D:2      | Killed Jessica
  1010 | D:2      | Reached XP level 4. HP: 23/28 MP: 4/4
  1466 | D:3      | Reached skill level 5 in Shapeshifting
  1686 | D:3      | Reached XP level 5. HP: 30/33 MP: 5/5
  2029 | D:4      | Found a runed translucent gate.
  2030 | D:4      | Found a runed translucent gate.
  2031 | D:4      | Found a runed translucent gate.
  2031 | D:4      | Noticed tinfoiltophat's ghost (novice DjAE)
  2031 | D:4      | Noticed SkeletonJelly's ghost (amateur MfSh)
  2035 | D:4      | Noticed LeprechaunX's ghost (novice OpSh)
  2035 | D:4      | Noticed CowFu's ghost (amateur MiMo)
  2279 | D:4      | Found a runed translucent door.
  2280 | D:4      | Noticed Crazy Yiuf
  2658 | D:4      | Reached skill level 6 in Shapeshifting
  2668 | D:4      | Reached XP level 6. HP: 20/38 MP: 6/6
  2984 | D:4      | Killed Crazy Yiuf
  3139 | D:5      | Entered Level 5 of the Dungeon
  3153 | D:5      | Found a staircase to the Ecumenical Temple.
  3201 | Temple   | Entered the Ecumenical Temple
  3216 | Temple   | Became a worshipper of Gozag Ym Sagoz the Greedy
  3650 | D:5      | Identified a scroll of acquirement
  3651 | D:5      | Acquired 803 gold pieces
  3674 | D:5      | Demolished by an ogre

Illustrated notes

Levels and vault maps discovered:
D:1:      zelgadis_glass_arrival_small, layout_basic
D:2:      layout_rooms, uniq_jessica
D:3:      layout_rooms, minmay_door_square, grunt_ministairs_1,
          kennysheep_generic_room_8
D:4:      layout_basic, gammafunk_ghost_cemetery, uniq_crazy_yiuf_cottage
D:5:      layout_cave_pods, minmay_temple_entry_tees
Temple:   hellmonk_temple_of_storms

Skill      XL: |  1  2  3  4  5 |
---------------+----------------+-----
Shapeshifting  | 4 5 6 |  6.8
Fighting       | |  1.0
Dodging        | |  2.0
Unarmed Combat | |  3.0

Action                     |  1- 3 |  4- 6 || total
---------------------------+-------+-------++-------
  Melee: Unarmed           |    55 |   122 ||   177
         Constrict         |    15 |    27 ||    42
         Tentacles         |    13 |    25 ||    38
         Punch             |     2 |     3 ||     5
    Use: Scroll            |     5 |    12 ||    17
   Stab: Sleeping          |     5 |     3 ||     8
         Distracted        |       |     1 ||     1
 Armour: Skin              |    24 |    55 ||    79
  Dodge: Dodged            |    34 |    76 ||   110

Table legend: (Time is in decaauts)
 A = Elapsed time spent in this place.
 B = Non-inter-level travel time spent in this place.
 C = Inter-level travel time spent in this place.
 D = Time resting spent in this place.
 E = Time spent auto-exploring this place.
 F = Levels seen in this place.
 G = Mean time per level.
                   A        B        C        D        E       F      G
               +--------+--------+--------+--------+--------+-----+--------+
         Total |   3664 |   3426 |    238 |    330 |   2563 |   6 |  610.7 |
       Dungeon |   3633 |   3423 |    210 |    330 |   2563 |   5 |  726.6 |
        Temple |     30 |      2 |     28 |      0 |      0 |   1 |   30.0 |
               +--------+--------+--------+--------+--------+-----+--------+

Top non-repeatable levels by time:
     D:4: 1170 daAuts
     D:1: 863 daAuts
     D:3: 557 daAuts
     D:2: 539 daAuts
     D:5: 503 daAuts
  Temple: 30 daAuts
